 Dungeon Crawl Stone Soup version 0.29-a0-80-g3050e97935 (webtiles) character file.

Game seed: 9649210883480423456

961 Gargoyl the Chopper (level 8, -7/68 HPs)
             Began as a Ghoul Abyssal Knight on Feb 4, 2022.
             Was a Believer of Lugonu.
             Mangled by a wyvern (14 damage)
             ... on level 6 of the Dungeon.
             The game lasted 00:05:01 (4585 turns).

Gargoyl the Chopper (Ghoul Abyssal Knight)          Turns: 4585, Time: 00:05:01

Health: -7/68      AC: 14    Str: 19    XL:     8   Next: 15%
Magic:  8/8        EV:  6    Int:  5    God:    Lugonu [**....]
Gold:   261        SH:  0    Dex:  9    Spells: 7/7 levels left

rFire   . . .      SeeInvis .   h - +0 war axe (venom)
rCold   + . .      Faith    .   (no shield)
rNeg    + + +      Spirit   .   d - +0 plate armour
rPois   ∞          Reflect  .   (no helmet)
rElec   .          Harm     .   g - +0 cloak
rCorr   .          Rampage  .   (no gloves)
Will    .....                   o - +0 pair of boots
Stlth   ..........              (no amulet)
HPRegen 0.00/turn               (no ring)
MPRegen 0.11/turn               (no ring)

@: inhibited regen
A: claws 1, cold resistance 1, negative energy resistance 3, inhibited
regeneration, torment resistance 2
a: Renounce Religion, Depart the Abyss, Bend Space


You were on level 6 of the Dungeon.
You worshipped Lugonu.
Lugonu was pleased with you.
You visited 1 branch of the dungeon, and saw 6 of its levels.
You visited the Abyss 1 time.

You collected 261 gold pieces.

Inventory:

Hand Weapons
 a - a +1 hand axe
 c - a +1 whip of electrocution
 h - a +0 war axe of venom (weapon)
 i - a +1 falchion of draining
Missiles
 l - 2 throwing nets
Armour
 d - a +0 plate armour (worn)
 g - a +0 cloak (worn)
 o - a +0 pair of boots (worn)
Wands
 j - a wand of iceblast (7)
 m - a wand of digging (6)
Scrolls
 f - a scroll of identify
 k - 2 scrolls of fog
 n - a scroll of torment {unknown}
 p - a scroll of vulnerability {unknown}
Potions
 b - a potion of might
 e - 3 potions of curing


   Skills:
 + Level 5.0 Fighting
 + Level 1.7 Long Blades
 + Level 5.4(5.6) Axes
 + Level 2.0(4.0) Maces & Flails
 + Level 4.2 Armour
 + Level 1.7 Dodging
 + Level 1.0 Stealth
 + Level 2.5 Invocations


You had 7 spell levels left.
You didn't know any spells.
Your spell library contained the following spells:

 Spells                   Type           Power      Damage    Failure   Level
 Corpse Rot               Necr/Air       0%         N/A       100%        2
 Poisonous Vapours        Pois/Air       0%         N/A       100%        2


Dungeon Overview and Level Annotations

Branches:
Dungeon (6/15)             Temple (0/1) D:5

Altars:
Gozag
Uskayaw
Yredelemnul
The Shining One

Shops:
D:1 (


Innate Abilities, Weirdness & Mutations

You thrive by killing the living.
You are immune to poison.
You have sharp fingernails.
Your flesh is cold resistant. (rC+)
You are immune to negative energy. (rN+++)
You do not regenerate when monsters are visible.
You are immune to unholy pain and torment.


Message History

You slash the wyvern!
The wyvern is moderately wounded.
The wyvern bites you but does no damage.
The wyvern bites you!
You closely miss the wyvern.
The wyvern is moderately wounded.
The wyvern bites you.
Unknown command.
You hit the wyvern.
The wyvern is poisoned.
The wyvern is heavily wounded.
The wyvern barely misses you.
The wyvern bites you but does no damage.
Unknown command.
The wyvern barely misses you.
The wyvern bites you but does no damage.
The wyvern bites you but does no damage.
You barely miss the wyvern.
The wyvern is severely wounded.
The wyvern bites you. The wyvern completely misses you.
Found a potion of might.
The wyvern bites you.
* * * LOW HITPOINT WARNING * * *
You hit the wyvern.
The wyvern is almost dead.
The wyvern bites you but does no damage.
The wyvern bites you.
* * * LOW HITPOINT WARNING * * *
Unknown command.
The wyvern bites you!
* * * LOW HITPOINT WARNING * * *
The wyvern looks more healthy.
You feel better.
The wyvern bites you but does no damage.
The wyvern closely misses you.
You barely miss the wyvern.
The wyvern is almost dead.
The wyvern bites you!
* * * LOW HITPOINT WARNING * * *
The wyvern bites you!
You die...

.. ##....... .....
##....... .#
....[###......# .#
.....#.......# .##
............# ..#
#..........######..##
#.............#...####
#.....................
##.<.........l@.......
#...............!....
##...................
#...................
#...................
##..................
#..................
...................


You could see a wyvern.

Vanquished Creatures
  2 black bears (D:5)
  An ice beast (D:5)
  A necrophage (D:5)
  A centaur (D:4)
  A scorpion (D:5)
  A water moccasin skeleton (D:4)
  A jelly (D:5)
  2 bullfrog skeletons
  2 hounds (D:4)
  A centaur skeleton (D:5)
  An orc wizard (D:3)
  2 iguanas
  A hound skeleton (D:5)
  3 gnolls (D:2)
  4 adders
  2 worms
  2 dart slugs
  19 orcs
  2 endoplasms
  4 giant cockroaches
  5 goblins
  7 hobgoblins
  4 quokkas
  6 ball pythons
  5 bats
  A frilled lizard (D:2)
  8 kobolds
  4 rats
93 creatures vanquished.

Notes
Turn   | Place    | Note
-------+----------+-------------------------------------------
     0 | Abyss:1  | Gargoyl the Ghoul Abyssal Knight began the quest for the
                  | Orb.
     0 | Abyss:1  | Reached XP level 1. HP: 19/19 MP: 1/1
    88 | D:1      | Escaped the Abyss
   405 | D:1      | Reached XP level 2. HP: 26/26 MP: 2/2
   430 | D:1      | Found Tesy's Antique Weapon Shoppe.
   510 | D:1      | Reached skill level 1 in Dodging
   567 | D:1      | Found a faded altar of an unknown god.
   912 | D:2      | Reached * piety under Lugonu
  1018 | D:2      | Reached XP level 3. HP: 30/33 MP: 3/3
  1226 | D:2      | Reached skill level 1 in Maces & Flails
  1226 | D:2      | Reached XP level 4. HP: 9/40 MP: 4/4
  2280 | D:3      | Reached ** piety under Lugonu
  2296 | D:3      | Reached XP level 5. HP: 15/46 MP: 5/5
  2694 | D:3      | Reached skill level 1 in Long Blades
  2797 | D:4      | You fall into a shaft and drop 2 floors!
  2797 | D:6      | Noticed a wyvern
  2803 | D:5      | Entered Level 5 of the Dungeon
  2808 | D:5      | Reached XP level 6. HP: 52/52 MP: 6/6
  3139 | D:4      | Found a hide-covered altar of Uskayaw.
  3387 | D:4      | Reached XP level 7. HP: 54/60 MP: 7/7
  3436 | D:4      | Found a basalt altar of Yredelemnul.
  3536 | D:4      | Found an opulent altar of Gozag.
  3907 | D:5      | Found a staircase to the Ecumenical Temple.
  4201 | D:5      | Reached skill level 5 in Axes
  4201 | D:5      | Reached XP level 8. HP: 51/67 MP: 8/8
  4212 | D:5      | Reached skill level 1 in Stealth
  4219 | D:5      | Reached skill level 5 in Fighting
  4585 | D:6      | Mangled by a wyvern

Illustrated notes

Levels and vault maps discovered:
D:1:      roderic_crossed_star, layout_basic, ebering_ecumenical_altar_mist,
          serial_shops, nicolae_shop_advertising_works
          [nicolae_subvault_shop_adworks]
D:2:      minmay_kobold_bridge, layout_basic, hangedman_decor_push,
          minmay_tromino_v4_c
D:3:      layout_rooms
D:4:      layout_gridville, lemuel_doored_altar, mainiacjoe_overflow_alcove_1,
          chequers_temple_overflow_statue_of_worship, minmay_crystal_water
D:5:      layout_basic, minmay_temple_entry_glassed_door
D:6:      layout_layer_cave

Skill      XL: |  1  2  3  4  5  6  7  8 |
---------------+-------------------------+-----
Dodging        | 1 |  1.7
Armour         | 2 3 4 |  4.2
Fighting       | 4 5 |  5.0
Maces & Flails | 1 2 |  2.0
Axes           | 2 3 5 |  5.4
Long Blades    | 1 |  1.7
Stealth        | 1 |  1.0
Invocations    | |  2.5

Action                   |  1- 3 |  4- 6 |  7- 9 || total
-------------------------+-------+-------+-------++-------
Melee: Whip              |    84 |    38 |       ||   122
       Punch             |     1 |     2 |     1 ||     4
       Falchion          |       |    43 |       ||    43
       War axe           |       |    53 |    99 ||   152
Invok: Depart the Abyss  |     1 |       |       ||     1
  Use: Scroll            |     3 |     5 |     1 ||     9
       Potion            |       |     1 |     1 ||     2
Armor: Leather armour    |     9 |       |       ||     9
       Plate armour      |    38 |   144 |   100 ||   282
Dodge: Dodged            |    32 |    50 |    41 ||   123

Table legend: (Time is in decaauts)
 A = Elapsed time spent in this place.
 B = Non-inter-level travel time spent in this place.
 C = Inter-level travel time spent in this place.
 D = Time resting spent in this place.
 E = Time spent auto-exploring this place.
 F = Levels seen in this place.
 G = Mean time per level.
                   A        B        C        D        E       F      G
               +--------+--------+--------+--------+--------+-----+--------+
         Total |   4648 |   4495 |    153 |    521 |   3050 |   7 |  664.0 |
       Dungeon |   4560 |   4407 |    153 |    521 |   2963 |   6 |  760.0 |
         Abyss |     88 |     88 |      0 |      0 |     87 |   1 |   88.0 |
               +--------+--------+--------+--------+--------+-----+--------+

Top non-repeatable levels by time:
     D:2: 1009 daAuts
     D:4: 968 daAuts
     D:1: 966 daAuts
     D:5: 870 daAuts
     D:3: 715 daAuts
 Abyss:1: 88 daAuts
     D:6: 30 daAuts
